 Dungeon Crawl Stone Soup version 0.31-a0-1112-ga3593d9213 (webtiles) character file.

Game seed: 8711284335042361008

819 Descartes the Ducker (level 7, -5/28 HPs)
             Began as a Felid Shapeshifter on Dec 4, 2023.
             Slain by a black bear (8 damage)
             ... on level 4 of the Dungeon.
             The game lasted 00:06:06 (4299 turns).

Descartes the Ducker (Felid Shapeshifter)           Turns: 4299, Time: 00:06:07

Health: -5/28      AC:  2    Str: 12    XL:     7   Next: 63%
Magic:  8/8        EV: 20    Int: 12    God:
Gold:   216        SH:  0    Dex: 15    Spells: 6/6 levels left
                                        Lives:  0   Deaths: 3

rFire   + .          .
                       - Unarmed
rCold   x . .        (shield unavailable)
rNeg    . . .        (body armour unavailable)
rPois   .            (helmet unavailable)
rElec   .            (cloak unavailable)
rCorr   .            (gloves unavailable)
SInv    +            (boots unavailable)
Will    +....        (no amulet)
Stlth   +++          p - ring of fire
HPRegen 0.24/turn    (no ring)
MPRegen 0.11/turn

%: no passive effects
@: beast-form, quick
A: beast (slay +3), very small, claws 1, fangs 3, see invisible, speed 1, shaggy
fur 2, stealthy paws, no weapons or thrown items, no armour, multi-lived
a: Begin Untransformation


You were on level 4 of the Dungeon.
You were a hulking beast.
You visited 1 branch of the dungeon, and saw 5 of its levels.

You collected 216 gold pieces.

Inventory:

Jewellery
 p - a ring of fire (left paw)
 q - a +6 ring of intelligence
 r - a ring of magical power
Talismans
 b - a beast talisman
 c - a flux talisman
Scrolls
 g - a scroll of enchant weapon {unknown}
 h - a scroll of revelation {unknown}
 i - a scroll of noise {unknown}
 j - a scroll of vulnerability {unknown}
 k - a scroll of poison {unknown}
 m - a scroll of blinking {unknown}
 n - a scroll of torment {unknown}
 o - 3 scrolls of identify {unknown}
Potions
 a - 2 potions of lignification
 d - 2 potions of invisibility {unknown}
 e - a potion of curing {unknown}
 f - a potion of brilliance {unknown}
 l - a potion of mutation {unknown}


   Skills:
 - Level 1.0 Fighting
 + Level 6.7 Dodging
 - Level 5.0 Stealth
 - Level 5.0 Unarmed Combat
 + Level 5.7 Shapeshifting


You had 6 spell levels left.
You didn't know any spells.
Your spell library contained the following spells:

 Spells                   Type           Power      Damage    Failure   Level
 Blink                    Tloc           0%         N/A       45%         2
 Manifold Assault         Tloc           0%         N/A       97%         4


Dungeon Overview and Level Annotations

Branches:
Dungeon (5/15)
 Temple: D:4-7

Altars:
Nemelex Xobeh
Sif Muna
Zin

Shops:
D:1 =


Innate Abilities, Weirdness & Mutations

You are a hulking beast.
Your limbs bulge with bestial killing power. (Slay +3)
You have sharp claws.
You have razor-sharp teeth.
You have supernaturally acute eyesight. (SInv)
You cover ground quickly. (Speed+)
You are covered in thick fur. (AC +2)
Your paws help you pounce on unaware monsters.
You are incapable of wielding weapons or throwing items.
You cannot wear armour.
You gain extra lives every three experience levels.


Message History

The black bear is severely wounded.
The black bear bites you. The black bear misses you.
The black bear closely misses you.
You closely miss the black bear.
The black bear is heavily wounded.
The black bear bites you. The black bear claws you.
The black bear closely misses you.
You are too injured to fight recklessly!
You are too injured to fight recklessly!
You are too injured to fight recklessly!
You are too injured to fight recklessly!
You are too injured to fight recklessly!
You are too injured to fight recklessly!
You are too injured to fight recklessly!
You are too injured to fight recklessly!
You are too injured to fight recklessly!
You are too injured to fight recklessly!
You are too injured to fight recklessly!
You scratch the black bear. You bite the black bear.
The black bear is severely wounded.
The black bear bites you. The black bear closely misses you.
The black bear misses you.
You scratch the black bear.
The black bear is severely wounded.
The black bear goes berserk!
You barely miss the black bear.
The black bear is severely wounded.
The black bear bites you.
* * * LOW HITPOINT WARNING * * *
The black bear barely misses you. The black bear claws you.
* * * LOW HITPOINT WARNING * * *
You scratch the black bear.
The black bear is almost dead.
The black bear bites you but does no damage.
The black bear closely misses you. x2
You scratch the black bear.
The black bear is almost dead.
The black bear closely misses you. x2; The black bear barely misses you.
The black bear bites you!
You die...

#....###~~~~~≈≈PPPP♣~~###
#....##)♣~PP~~≈~P~♣♣.....
#....##.♣~P~♣~~♣.....####
#....')..♣♣♣♣♣♣###.....#
#....##....# #.#...#
#....##...<# #.######
#....##....# #.......
#....##.h†.# ########
#######.h..# #.... ######
#.... #.... ##'## #.##
#.## ######### #.##
#...[...###'##
#.............


You could see a black bear (berserk).

Vanquished Creatures
  A black bear (D:4)
  An ogre (D:4)
  3 scorpions
  2 hounds (D:4)
  A sleepcap (D:5)
  Jessica (D:3)
  An iguana (D:5)
  3 orc wizards (D:3)
  8 adders
  8 gnolls
  A white imp (D:5)
  3 worms
  4 dart slugs
  10 orcs
  8 ball pythons
  5 bats
  7 endoplasms
  6 giant cockroaches
  5 goblins
  3 hobgoblins
  7 kobolds
  2 quokkas
  3 frilled lizards
  6 rats
99 creatures vanquished.

Notes
Turn   | Place    | Note
-------+----------+-------------------------------------------
     0 | D:1      | Descartes the Felid Shapeshifter began the quest for the
                  | Orb.
     0 | D:1      | Reached XP level 1. HP: 9/9 MP: 2/2
   134 | D:1      | Reached skill level 3 in Dodging
   243 | D:1      | Reached XP level 2. HP: 9/12 MP: 3/3
   450 | D:1      | Found Ushutrip's Jewellery Shoppe.
   807 | D:2      | Reached XP level 3. HP: 8/15 MP: 4/4
   874 | D:2      | Reached skill level 4 in Dodging
  1068 | D:2      | Reached skill level 1 in Stealth
  1068 | D:2      | Reached XP level 4. HP: 19/19 MP: 5/5
  1546 | D:3      | Killed from afar by an orc wizard
  1547 | D:3      | Found a glowing silver altar of Zin.
  1739 | D:3      | Reached XP level 5. HP: 8/22 MP: 6/6
  2272 | D:3      | Noticed Jessica
  2280 | D:3      | Killed Jessica
  2682 | D:3      | Found a shimmering blue altar of Sif Muna.
  2690 | D:3      | Reached skill level 5 in Dodging
  2703 | D:3      | Slain by an orc wizard
  3066 | D:4      | Gained mutation: You are covered in thick fur. (AC +2)
                  | [Felid growth]
  3066 | D:4      | Reached XP level 6. HP: 25/25 MP: 7/7
  3351 | D:4      | Reached skill level 5 in Shapeshifting
  3611 | D:4      | Reached XP level 7. HP: 28/28 MP: 8/8
  3649 | D:4      | Found a sparkling altar of Nemelex Xobeh.
  3821 | D:4      | Reached skill level 6 in Dodging
  3883 | D:5      | Entered Level 5 of the Dungeon
  3905 | D:5      | Slain by an ogre
  4114 | D:5      | Reached skill level 5 in Stealth
  4224 | D:4      | Reached skill level 5 in Unarmed Combat
  4299 | D:4      | Slain by a black bear

Illustrated notes

Levels and vault maps discovered:
D:1:      dpeg_arrival_solitude, layout_loops_ring, serial_shops, shop
D:2:      layout_loops_ring, grunt_ministairs_1, st_stairs_4
D:3:      layout_basic, mainiacjoe_overflow_cross_hatched,
          kennysheep_orc_sif_temple, uniq_jessica
D:4:      layout_basic, nemelex_diamond_rough_becter, serial_bayou,
          serial_bayou_lagoon_a, serial_bayou_ford_a, serial_bayou_pond_a,
          serial_bayou_shore_b
D:5:      layout_rooms, uniq_crazy_yiuf_cottage

Skill      XL: |  1  2  3  4  5  6  7 |
---------------+----------------------+-----
Dodging        | 3 4 5 6 |  6.7
Shapeshifting  | 4 5 |  5.7
Stealth        | 1 2 3 4 5 |  5.0
Unarmed Combat | 4 5 |  5.0
Fighting       | |  1.0

Action                     |  1- 3 |  4- 6 |  7- 9 || total
---------------------------+-------+-------+-------++-------
  Melee: Unarmed           |    74 |   165 |    64 ||   303
         Bite              |     4 |    17 |    13 ||    34
         Punch             |     2 |     6 |     2 ||    10
   Stab: Sleeping          |     5 |     9 |     3 ||    17
 Armour: Skin              |    15 |    56 |    37 ||   108
  Dodge: Dodged            |    50 |   115 |    78 ||   243

Table legend: (Time is in decaauts)
 A = Elapsed time spent in this place.
 B = Non-inter-level travel time spent in this place.
 C = Inter-level travel time spent in this place.
 D = Time resting spent in this place.
 E = Time spent auto-exploring this place.
 F = Levels seen in this place.
 G = Mean time per level.
                   A        B        C        D        E       F      G
               +--------+--------+--------+--------+--------+-----+--------+
         Total |   3686 |   3545 |    141 |      0 |   2773 |   5 |  737.2 |
       Dungeon |   3686 |   3545 |    141 |      0 |   2773 |   5 |  737.2 |
               +--------+--------+--------+--------+--------+-----+--------+

Top non-repeatable levels by time:
     D:3: 1183 daAuts
     D:4: 953 daAuts
     D:2: 666 daAuts
     D:1: 629 daAuts
     D:5: 254 daAuts
